 Dungeon Crawl Stone Soup version 0.31-a0-102-g33a4ccc0cb (webtiles) character file.

Game seed: 8927131730977796133

113 Esekla the Sneak (level 4, 0/31 HPs)
             Began as an Octopode Delver on May 26, 2023.
             Succumbed to a scorpion's poison
             ... on level 5 of the Dungeon.
             The game lasted 00:04:06 (684 turns).

Esekla the Sneak (Octopode Delver)                   Turns: 684, Time: 00:04:06

Health: 0/31       AC:  1    Str: 11    XL:     4   Next: 96%
Magic:  5/5        EV: 13    Int: 14    God:
Gold:   42         SH:  0    Dex: 13    Spells: 5/5 levels left

rFire   . . .        a - +0 falchion
rCold   . . .        (no shield)
rNeg    . . .        (helmet restricted)
rPois   .            (no amulet)
rElec   .            (no ring)
rCorr   .            (no ring)
SInv    .            (no ring)
Will    .....        (no ring)
Stlth   +++++        (no ring)
HPRegen 0.25/turn    (no ring)
MPRegen 0.09/turn    (no ring)
                     (no ring)

%: no passive effects
@: lethally poisoned (0 -> -8), marked
A: almost no armour, amphibious, 8 rings, camouflage 1, gelatinous body 1,
(nimble swimmer 1), tentacles
a: no special abilities


You were on level 5 of the Dungeon.
You visited 2 branches of the dungeon, and saw 2 of its levels.

You collected 42 gold pieces.

Inventory:

Hand Weapons
 a - a +0 falchion (weapon)
 g - a +0 dagger
Wands
 f - a wand of digging (3)
Scrolls
 b - a scroll of fog
 c - a scroll of teleportation {unknown}
 d - a scroll of fear
Potions
 e - a potion of haste


   Skills:
 * Level 3.5 Fighting
 * Level 2.7 Long Blades
 * Level 2.5 Dodging
 + Level 7.7 Stealth
 * Level 1.1 Spellcasting


You had 5 spell levels left.
You didn't know any spells.
Your spell library was empty.

Dungeon Overview and Level Annotations

Branches:
Dungeon (5/15)             Temple (1/1) D:5

Altars:
Ashenzari
Cheibriados
Elyvilon
Fedhas
Hepliaklqana
Nemelex Xobeh
Sif Muna
Trog
Vehumet
Yredelemnul
Zin
The Shining One


Innate Abilities, Weirdness & Mutations

You cannot wear most types of armour.
You are amphibious.
You can wear up to eight rings at the same time.
Your skin changes colour to match your surroundings (Stealth+).
Your rubbery body absorbs attacks. (AC +1, EV +1)
((You are camouflaged when in or above water. (Stealth+)))
You have tentacles for arms and can constrict up to eight enemies at once.


Message History

The white imp gestures at you. The puff of frost misses you.
The adder attacks as you move away! The adder bites you.
The adder barely misses you.
You barely miss the adder. Your grab misses the adder. The adder bites you.
You are poisoned.
The adder poisons you!
You slash the adder! Your grab misses the adder. You squeeze the adder.
You kill the adder!
You feel sick.
You have reached level 4!
You closely miss the scorpion. Your grab misses the scorpion.
Your squeeze misses the scorpion.
You feel sick. The scorpion stings you.
You are more poisoned.
The scorpion poisons you! The scorpion stings you.
You are lethally poisoned!
The scorpion poisons you!
Okay, then.
You closely miss the scorpion. You grab the scorpion. You squeeze the scorpion.
The scorpion is moderately wounded.
You constrict the scorpion.
You feel very sick. The scorpion misses you.
You hit the scorpion.
The scorpion is heavily wounded.
You constrict the scorpion, but do no damage.
* * * LOW HITPOINT WARNING * * *
You feel very sick. The scorpion stings you.
* * * LOW HITPOINT WARNING * * *
The scorpion misses you.
You hit the scorpion.
Your tentacle-slap misses the scorpion.
You squeeze the scorpion.
You kill the scorpion!
* * * LOW HITPOINT WARNING * * *
You feel very sick.
Your Spellcasting skill increases to level 1!
You hit the sleepcap but do no damage. You grab the sleepcap.
You constrict the sleepcap, but do no damage.
You die...

..#....#.......##.....##,*,,,* *,
...###......##.#.......#,*,,,* *,
#...>........#.#.?.....#,,,,,* *,
#.#.....##........._.o.!.,******,
#........#.....#.......#.** *,,,,
...#..#....#..f#.......#,,***,,,,
.....##...[....##.....##,,,**,,,,
.##..##...##..5####.####,,,**,,,,
..........##..of@.......,*,**,,,,
#.#..####.##...###......,*,**,,,,
....,,,,..###### **#....,*,,*,,,,
.,..,,,,.## *,...,**,****,
.,,,,,,,#* ****#***,,**,,
.,,,,,,,* **,,,,* #**,,,,***
**,,** *,,,**,,,* **** ,,*,****,*


You could see a sleepcap, a white imp and an orc.

Vanquished Creatures
  A scorpion (D:5)
  An orc priest (D:5)
  2 adders (D:5)
  5 orcs (D:5)
  2 jackals (D:5)
11 creatures vanquished.

Notes
Turn   | Place    | Note
-------+----------+-------------------------------------------
     0 | D:5      | Esekla the Octopode Delver began the quest for the Orb.
     0 | D:5      | Reached XP level 1. HP: 16/16 MP: 1/1
     3 | D:5      | Noticed an orc priest
    14 | D:5      | Killed an orc priest
    15 | D:5      | Reached skill level 7 in Stealth
    15 | D:5      | Reached XP level 2. HP: 21/21 MP: 2/2
    15 | D:5      | Reached XP level 3. HP: 26/26 MP: 3/3
   132 | D:5      | Found a staircase to the Ecumenical Temple.
   141 | Temple   | Entered the Ecumenical Temple
   288 | D:5      | Found a white marble altar of Elyvilon.
   624 | D:5      | Noticed a scorpion
   660 | D:5      | Found a blossoming altar of Fedhas.
   680 | D:5      | Reached XP level 4. HP: 24/31 MP: 5/5
   683 | D:5      | Killed a scorpion
   684 | D:5      | Reached skill level 1 in Spellcasting
   684 | D:5      | Succumbed to a scorpion's poison

Illustrated notes

Levels and vault maps discovered:
D:5:      layout_rooms, lemuel_doored_altar, old_standard_altar,
          lemuel_temple_firewalk_b
Temple:   nicolae_temple_two_arcs

Skill      XL: |  1  2  3  4 |
---------------+-------------+-----
Stealth        | 7 |  7.7
Spellcasting   | 1 |  1.1
Fighting       | |  3.5
Long Blades    | |  2.7
Dodging        | |  2.5

Action                     |  1- 3 |  4- 6 || total
---------------------------+-------+-------++-------
  Melee: Falchion          |    26 |     5 ||    31
         Constrict         |     5 |     2 ||     7
         Punch             |     1 |       ||     1
         Tentacles         |     4 |     2 ||     6
    Use: Scroll            |     1 |       ||     1
 Armour: Skin              |     1 |       ||     1
  Dodge: Dodged            |    18 |     2 ||    20

Table legend: (Time is in decaauts)
 A = Elapsed time spent in this place.
 B = Non-inter-level travel time spent in this place.
 C = Inter-level travel time spent in this place.
 D = Time resting spent in this place.
 E = Time spent auto-exploring this place.
 F = Levels seen in this place.
 G = Mean time per level.
                   A        B        C        D        E       F      G
               +--------+--------+--------+--------+--------+-----+--------+
         Total |    689 |    673 |     16 |    262 |     87 |   2 |  344.5 |
       Dungeon |    579 |    578 |      1 |    262 |      0 |   1 |  579.0 |
        Temple |    110 |     95 |     15 |      0 |     87 |   1 |  110.0 |
               +--------+--------+--------+--------+--------+-----+--------+

Top non-repeatable levels by time:
     D:5: 579 daAuts
  Temple: 110 daAuts
